 Dungeon Crawl Stone Soup version 0.22-a0-456-g11ed031617 (webtiles) character file.

32 Kriby the Skirmisher (level 3, 0/29 HPs)
             Began as a Human Abyssal Knight on June 7, 2018.
             Was a Follower of Lugonu.
             Slain by a worm (9 damage)
             ... on level 2 of the Dungeon.
             The game lasted 00:01:09 (1517 turns).

Kriby the Skirmisher (Human Abyssal Knight)         Turns: 1517, Time: 00:01:09

Health: 0/29       AC:  3    Str: 13    XL:     3   Next: 45%
Magic:  4/4        EV:  8    Int: 12    God:    Lugonu [*.....]
Gold:   38         SH:  7    Dex: 12    Spells: 2/2 levels left

rFire    . . .     SeeInvis .   a - +1 hand axe
rCold    . . .     Gourm    .   e - +0 shield
rNeg     . . .     Faith    .   b - +0 leather armour
rPois    .         Spirit   .   (no helmet)
rElec    .         Reflect  .   (no cloak)
rCorr    .         Harm     .   (no gloves)
MR       .....                  (no boots)
Stlth    +.........             (no amulet)
HPRegen  0.09/turn              (no ring)
MPRegen  0.09/turn              (no ring)

@: no status effects
A: no striking features
a: Depart the Abyss, Renounce Religion


You were on level 2 of the Dungeon.
You worshipped Lugonu.
Lugonu was aware of your devotion.
You were not hungry.

You visited 1 branch of the dungeon, and saw 2 of its levels.
You visited the Abyss 1 time.

You collected 38 gold pieces.

Inventory:

Hand Weapons
 a - a +1 hand axe (weapon)
Armour
 b - a +0 leather armour (worn)
 e - a +0 shield (worn)
Scrolls
 f - 3 scrolls of identify {unknown}
 g - a scroll of enchant armour {unknown}
 h - a scroll of immolation {unknown}
Potions
 d - a potion of curing {unknown}
Comestibles
 c - 2 rations {@e1}
 i - a chunk of flesh


   Skills:
 + Level 3.2 Fighting
 + Level 2.3 Axes
 + Level 1.0 Throwing
 + Level 2.3 Armour
 - Level 1.0 Dodging
 + Level 0.8 Shields
 + Level 2.3 Invocations


You had 2 spell levels left.
You didn't know any spells.
Your spell library was empty.

Dungeon Overview and Level Annotations

Branches:
Dungeon (2/15)

Altars:


Message History

HP restored.
You climb downwards.
The worm bites you.
There is a stone staircase leading up, spattered with blood here.
You hit the worm.
The worm is moderately wounded.
You block the worm's attack.
You hit the worm.
The worm is heavily wounded.
The worm closely misses you.
You hit the worm.
The worm is heavily wounded.
The worm bites you.
Your shield and leather armour prevent you from hitting the worm.
The worm is moderately wounded.
You hit the worm.
The worm is heavily wounded.
The worm bites you!
You are too injured to fight recklessly!
The worm bites you!
You die...

....#.#
#...#.#
#...#!#
#...#.#
.....#
#...#
###..#
#..w@# #
.....#..#.#
... #$...#
. #..###
.....
..####.#
... .. ..
.## . .#


You could see a worm.

Vanquished Creatures
  An adder (D:1)
  A dart slug (D:1)
  A leopard gecko (D:1)
  A bat (D:1)
  5 goblins (D:1)
  2 hobgoblins (D:1)
  3 kobolds (D:1)
  A ball python (D:1)
  4 frilled lizards (D:1)
  2 rats (D:1)
21 creatures vanquished.

Notes
Turn   | Place    | Note
-------+----------+-------------------------------------------
     0 | Abyss:1  | Kriby the Human Abyssal Knight began the quest for the Orb.
     0 | Abyss:1  | Reached XP level 1. HP: 18/18 MP: 2/2
    31 | Abyss:1  | Noticed a ynoxinul
    64 | Abyss:1  | Noticed a deep elf mage
    87 | Abyss:1  | Noticed a tentacled starspawn
    91 | Abyss:1  | Noticed an efreet
    92 | D:1      | Escaped the Abyss
   361 | D:1      | Reached XP level 2. HP: 21/24 MP: 3/3
   459 | D:1      | Reached * piety under Lugonu
  1163 | D:1      | Reached XP level 3. HP: 29/29 MP: 4/4
  1327 | D:1      | Reached skill level 1 in Throwing
  1517 | D:2      | Slain by a worm

Vault maps used:
D:1:      dpeg_arrival_shrine
D:2:      lemuel_round_altar, nicolae_ru_the_path_less_chosen,
          kennysheep_generic_room_9

Skill      XL: |  1  2  3 |
---------------+----------+-----
Throwing       | 1 |  1.0
Fighting       | |  3.2
Axes           | |  2.3
Armour         | |  2.3
Dodging        | |  1.0
Shields        | |  0.8
Invocations    | |  2.3

Action                   || total
-------------------------++-------
Melee: Hand axe          ||    71
Invok: Depart the Abyss  ||     1
  Eat: Chunk             ||     2
Armor: Leather armour    ||    19
Dodge: Dodged            ||    36
Block: Shield            ||    19

Table legend:
 A = Spawn XP
 B = Non-spawn XP
 C = Spawn XP percentage of total XP
 D = Spawn monster count
 E = Non-spawn monster count
 F = Spawn count percentage of total count
 G = Total turns spent on level
                    A         B        C        D         E        F      G
               +---------+---------+-------+---------+---------+-------+---------
         Total |       0 |      47 |   0.0 |       0 |      21 |   0.0 |  1517
               +---------+---------+-------+---------+---------+-------+---------
           D:1 |       0 |      47 |   0.0 |       0 |      21 |   0.0 |  1407
               +---------+---------+-------+---------+---------+-------+---------
